Map: [ESL] Alcyone

Players

Serral - Winner!

  • Race: Zerg Zerg
  • Spawn Location: 7:00

LiquidClem (Clem)

  • Race: Terran Terran
  • League: Grandmaster
  • Spawn Location: 1:00

Event: HomeStory Cup XXIV

VOD

Have the link to the VOD?

Description

Time

  • Played on: Dec. 3, 2023, 7:15 p.m.
  • Length: 19:54

All games in this series

Show
View Real Time Build Order
Export as new Build Order

Serral Zerg - Winner!

Build Orders: Hatch First 

Get SALT Encoding   

  12  0:00  Drone  
  13  0:11  Overlord  
  13  0:16  Drone  
  14  0:30  Drone x2  
  16  0:46  Hatchery  
  15  0:50  Drone  
  15  0:53  Drone  
  15  0:56  Drone  
  18  1:04  Extractor  
  17  1:12  Spawning Pool  
  17  1:15  Drone  
  17  1:18  Drone  
  18  1:27  Drone  
  19  1:38  Drone  
  20  1:48  Drone  
  21  1:58  Queen x2  
  21  1:59  Zergling x4  
  27  2:04  Metabolic Boost  
  27  2:11  Drone, Overlord  
  28  2:29  Drone x2  
  29  2:34  Queen  
  29  2:35  Drone x2  
  33  2:44  Overlord  
  33  2:45  Drone  
  34  2:54  Drone  
  34  2:57  Hatchery  
  34  2:59  Drone  
  34  3:03  Drone x2  
  37  3:08  Drone  
  37  3:09  Drone x2  
  37  3:11  Drone x3  
  43  3:16  Overlord  
  43  3:20  Overlord  
  43  3:33  Queen  
  45  3:36  Drone x2  
  45  3:39  Queen  
  45  3:41  Zergling x6  
  52  3:42  Drone  
  52  3:47  Drone x3, Overlord  
  56  3:53  Drone  
  57  3:56  Drone  
  58  4:03  Drone  
  58  4:06  Drone  
  60  4:10  Queen  
  60  4:13  Overlord  
  60  4:14  Drone x6  
  60  4:17  Drone  
  69  4:19  Drone  
  69  4:20  Drone  
  71  4:27  Lair  
  71  4:29  Drone x2, Roach Warren  
  71  4:30  Extractor, Drone  
  71  4:31  Extractor  
  71  4:40  Evolution Chamber  
  71  4:41  Overlord  
  71  4:42  Drone x4  
  71  4:45  Drone x4  
  78  4:50  Hatchery  
  77  4:54  Extractor, Drone, Overlord  
  77  4:55  Drone x2  
  79  5:00  Extractor, Drone  
  79  5:01  Drone  
  79  5:03  Overlord  
  79  5:06  Zerg Ground Armor Level 1  
  80  5:10  Roach x2  
  80  5:12  Roach  
  86  5:17  Roach x3  
  86  5:19  Overlord x2  
  86  5:20  Zergling x4  
  94  5:23  Roach x2  
  94  5:25  Overlord  
  98  5:29  Glial Reconstitution  
  98  5:33  Overseer  
  98  5:34  Overlord  
  98  5:38  Extractor, Roach x3  
  103  5:44  Drone x3  
  103  5:49  Roach  
  108  5:50  Drone x2  
  108  5:55  Drone x3  
  113  5:59  Drone x6  
  113  6:02  Infestation Pit  
  118  6:05  Baneling Nest, Overlord  
  118  6:10  Drone x3, Queen  
  122  6:16  Overlord  
  122  6:17  Roach  
  124  6:22  Roach x3  
  124  6:24  Drone x3  
  133  6:26  Hatchery  
  133  6:29  Evolution Chamber  
  133  6:30  Drone  
  133  6:32  Drone x3  
  135  6:35  Zergling x10  
  135  6:39  Overlord  
  140  6:42  Hive  
  140  6:49  Centrifugal Hooks  
  140  6:51  Zergling x8  
  144  6:57  Zerg Melee Weapons Level 1  
  144  6:59  Hatchery  
  144  7:00  Overlord  
  143  7:01  Overlord, Ravager x3  
  143  7:02  Zerg Ground Armor Level 2  
  143  7:08  Zergling x16  
  154  7:13  Spore Crawler  
  154  7:14  Overseer  
  153  7:16  Pneumatized Carapace, Drone  
  153  7:17  Spore Crawler  
  153  7:18  Drone  
  153  7:20  Overlord  
  153  7:21  Roach x3  
  160  7:28  Zergling x8, Roach x3  
  170  7:33  Overseer  
  170  7:36  Zergling x16  
  163  7:44  Drone x4  
  163  7:45  Drone x3  
  163  7:50  Drone x4  
  167  7:55  Adrenal Glands, Drone x2  
  167  7:57  Baneling x6  
  167  7:58  Baneling  
  169  8:01  Extractor x2  
  169  8:02  Drone x2  
  169  8:13  Drone  
  169  8:14  Spore Crawler  
  169  8:15  Viper x2  
  175  8:21  Zergling x18  
  183  8:29  Zergling x16  
  180  8:42  Ultralisk Cavern, Drone x3  
  180  8:43  Drone  
  180  8:44  Zergling x14  
  180  8:45  Zergling x4  
  184  8:51  Overlord x2  
  184  8:53  Drone x3  
  186  8:57  Infestor, Burrow  
  186  8:59  Zerg Melee Weapons Level 2  
  186  9:00  Drone x2  
  190  9:06  Zergling x12  
  190  9:08  Baneling x9  
  195  9:23  Baneling x7  
  195  9:27  Zergling x16, Hatchery  
  195  9:28  Zergling x2  
  195  9:35  Zergling x26  
  190  9:46  Zergling x22  
  196  9:55  Baneling x9  
  196  9:59  Chitinous Plating  
  195  10:03  Infestor  
  195  10:04  Zergling x2  
  195  10:05  Zergling x8  
  200  10:12  Zerg Ground Armor Level 3  
  200  10:21  Baneling x7  
  200  10:22  Overseer, Baneling x2  
  200  10:23  Baneling x8  
  199  10:30  Spire  
  199  10:31  Drone  
  199  10:38  Hatchery  
  199  10:42  Zergling x38  
  199  10:45  Zergling x2  
  199  10:46  Zergling x4  
  195  10:54  Infestor  
  194  10:57  Zergling x12  
  193  11:05  Zergling x12  
  189  11:15  Zergling x2  
  189  11:16  Zergling x30  
  189  11:17  Anabolic Synthesis  
  194  11:19  Baneling x12  
  194  11:21  Zerg Melee Weapons Level 3  
  194  11:23  Drone x4  
  194  11:25  Baneling x7  
  198  11:27  Spore Crawler  
  197  11:35  Neural Parasite  
  197  11:44  Overseer  
  197  11:48  Zergling x6  
  166  12:16  Ultralisk x3  
  166  12:17  Zergling x2  
  166  12:18  Zergling x28  
  199  12:24  Spore Crawler  
  199  12:26  Zerg Flyer Weapons Level 1  
  199  12:29  Baneling x11  
  198  12:33  Viper  
  198  12:35  Zergling x2  
  200  12:49  Zerg Missile Weapons Level 1  
  200  13:01  Overseer  
  197  13:20  Zergling x4  
  197  13:23  Overlord  
  197  13:25  Overlord x2  
  199  13:31  Overlord x2  
  182  13:46  Zergling x16, Ultralisk x2  
  190  13:54  Zergling x36  
  193  14:09  Baneling x9  
  191  14:10  Overseer, Baneling x7  
  191  14:12  Zergling x18  
  200  14:23  Zerg Flyer Weapons Level 2  
  199  14:25  Spore Crawler  
  199  14:26  Drone  
  199  14:29  Baneling x13  
  199  14:32  Hatchery  
  199  14:36  Zergling x8  
  195  14:40  Baneling  
  195  14:41  Zergling x12, Baneling x9  
  195  14:45  Zerg Missile Weapons Level 2  
  200  14:48  Extractor  
  200  14:50  Overlord x2  
  195  15:01  Zergling x2  
  195  15:02  Zergling x18  
  188  15:10  Zergling x32  
  188  15:11  Zergling x36  
  188  15:14  Zergling x26  
  193  15:17  Ultralisk  
  200  15:22  Baneling x16  
  200  15:29  Baneling x5  
  200  15:30  Baneling x3  
  200  15:33  Infestor  
  200  15:49  Unknown  
  198  15:52  Overseer  
  198  15:56  Corruptor  
  199  16:15  Drone  
  199  16:16  Drone x2  
  199  16:23  Zergling x28  
  195  16:28  Zergling x10  
  195  16:29  Zergling x36  
  185  16:38  Zergling x14, Ultralisk x2  
  185  16:43  Zergling x18  
  185  16:44  Baneling x2  
  185  16:45  Baneling x10  
  194  16:47  Overseer, Baneling x4  
  194  16:48  Baneling x10  
  198  16:54  Baneling x6  
  198  16:55  Baneling  
  198  16:59  Zerg Flyer Weapons Level 3  
  198  17:04  Corruptor x2  
  200  17:27  Corruptor  
  198  17:31  Zergling x4  
  198  17:35  Baneling x6  
  141  18:00  Zergling x14, Ultralisk x2  
  141  18:01  Zergling x28  
  141  18:04  Zergling x42, Ultralisk x2  
  141  18:05  Zergling x10  
  192  18:09  Overseer, Baneling x6  
  178  18:17  Corruptor x7  
  192  18:20  Overseer, Baneling x6  
  192  18:28  Overseer  
  192  18:31  Baneling x8  
  192  18:32  Baneling x3  
  192  18:36  Infestor  
  192  18:43  Zergling x12  
  198  18:50  Infestor, Baneling x6  
  198  18:52  Overlord  
  198  18:53  Overseer, Overlord x2  
  197  18:58  Overlord  
  174  19:17  Zergling x10  
  174  19:18  Zergling x40  
  185  19:28  Zergling x24  
  175  19:33  Zergling x20  
Show
View Real Time Build Order
Export as new Build Order

LiquidClem Terran 

Build Orders: Reaper Expand 

Get SALT Encoding   

  12  0:00  SCV  
  13  0:12  SCV  
  14  0:17  Supply Depot  
  14  0:24  SCV  
  15  0:38  SCV  
  15  0:40  Barracks  
  16  0:44  Refinery  
  16  0:50  SCV  
  17  1:02  SCV  
  18  1:14  SCV  
  19  1:27  Orbital Command, Reaper  
  20  1:38  Command Center  
  20  1:45  Supply Depot  
  20  1:52  SCV  
  21  1:58  Marine  
  22  2:05  SCV  
  23  2:10  Factory  
  23  2:17  SCV  
  23  2:21  Barracks Reactor  
  24  2:29  SCV  
  25  2:38  Command Center  
  25  2:41  SCV  
  26  2:50  Orbital Command  
  26  2:53  SCV  
  27  3:00  Barracks  
  27  3:05  SCV  
  28  3:08  Hellion, Barracks Tech Lab  
  28  3:12  Hellion  
  32  3:15  SCV  
  32  3:17  SCV  
  34  3:22  Refinery  
  32  3:28  SCV  
  32  3:29  SCV  
  34  3:36  Marine  
  34  3:38  Stimpack  
  34  3:40  SCV  
  36  3:41  SCV  
  36  3:42  Refinery  
  37  3:50  Orbital Command  
  37  3:52  SCV  
  37  3:53  SCV  
  37  3:55  Marine  
  40  3:57  Marine  
  40  3:58  Starport  
  40  3:59  Factory Reactor  
  41  4:04  SCV  
  41  4:05  SCV, Marine  
  44  4:13  Marine  
  44  4:16  SCV x2  
  47  4:17  Supply Depot  
  47  4:18  SCV  
  47  4:19  Marine  
  47  4:24  Marine  
  49  4:25  Refinery  
  49  4:28  Factory, SCV x2  
  49  4:30  SCV  
  53  4:33  Marine  
  54  4:39  Marine  
  54  4:40  SCV, Medivac  
  54  4:41  Factory Reactor  
  54  4:42  Orbital Command, Supply Depot  
  54  4:44  Medivac  
  60  4:46  Marine  
  60  4:47  SCV  
  60  4:50  Marine  
  60  4:52  SCV  
  64  4:54  Armory  
  64  4:57  Marine  
  65  5:00  SCV  
  65  5:03  Marine  
  65  5:04  Supply Depot, SCV  
  68  5:09  SCV  
  68  5:13  Factory Tech Lab, SCV  
  70  5:14  Supply Depot  
  70  5:16  SCV  
  70  5:17  Combat Shield, Marine  
  70  5:21  SCV, Marine  
  73  5:22  Widow Mine  
  73  5:23  Marine  
  73  5:26  Widow Mine, SCV  
  80  5:29  SCV  
  80  5:33  Supply Depot  
  80  5:34  Widow Mine  
  80  5:35  Marine, SCV  
  84  5:42  Drilling Claws, Engineering Bay x2  
  85  5:43  Widow Mine  
  85  5:46  Supply Depot  
  85  5:47  SCV  
  85  5:49  Marine  
  91  5:50  Widow Mine  
  91  5:55  Siege Tank, Marine  
  91  5:56  Marine  
  96  6:00  SCV x3  
  96  6:02  Barracks  
  99  6:06  Marine, Supply Depot  
  99  6:09  Widow Mine  
  102  6:11  Medivac  
  102  6:12  SCV x2  
  102  6:14  SCV  
  102  6:16  Terran Infantry Weapons Level 1, Supply Depot  
  107  6:18  Terran Infantry Armor Level 1  
  107  6:20  Marine  
  107  6:21  Marine  
  109  6:28  Widow Mine, SCV x2, Marine  
  109  6:29  Supply Depot  
  109  6:30  Refinery  
  109  6:32  SCV  
  115  6:33  Supply Depot  
  115  6:35  Medivac  
  115  6:38  Marine x2  
  119  6:45  Marine  
  120  6:47  SCV x2  
  120  6:48  Barracks x2, Supply Depot  
  120  6:51  Refinery  
  120  6:54  Siege Tank, Widow Mine x2  
  130  6:56  SCV, Marine  
  130  7:01  Barracks Reactor, Supply Depot  
  130  7:03  SCV  
  130  7:07  Medivac  
  130  7:08  Command Center  
  130  7:12  Marine  
  131  7:18  Marine  
  131  7:19  Marauder  
  131  7:21  Medivac  
  131  7:22  Widow Mine x2  
  140  7:25  Supply Depot  
  140  7:29  Marine  
  140  7:30  Siege Tank  
  140  7:31  Bunker  
  140  7:36  Marine  
  145  7:37  Medivac  
  145  7:39  Marine x2  
  145  7:40  Marine  
  145  7:41  SCV  
  145  7:43  Sensor Tower, Widow Mine, SCV  
  142  7:46  SCV  
  142  7:47  Marine  
  138  7:51  Medivac  
  138  7:54  SCV, Marine  
  138  7:57  Marine  
  141  7:58  Barracks Reactor x2  
  141  8:02  Siege Tank  
  141  8:04  Barracks  
  144  8:05  Barracks  
  144  8:06  Barracks  
  144  8:09  Terran Vehicle And Ship Armor Level 1  
  144  8:10  Medivac, Widow Mine x2  
  150  8:16  Marine, Supply Depot, SCV  
  150  8:17  SCV x2  
  150  8:19  Marine  
  155  8:21  Terran Infantry Weapons Level 2, Medivac  
  155  8:25  Supply Depot  
  157  8:28  Terran Infantry Armor Level 2, SCV  
  157  8:29  Marine  
  157  8:36  Marine  
  157  8:37  Widow Mine  
  157  8:40  Widow Mine  
  157  8:41  Marauder, Marine x2, Widow Mine  
  162  8:43  Marine x3  
  162  8:47  Marine  
  162  8:48  SCV x3  
  171  8:50  Planetary Fortress  
  171  8:57  Sensor Tower  
  171  8:58  Widow Mine  
  171  9:00  Marine, SCV  
  171  9:01  SCV  
  171  9:02  Marauder  
  177  9:05  Widow Mine  
  177  9:07  Ghost Academy  
  177  9:09  Supply Depot  
  179  9:12  Widow Mine  
  181  9:19  Widow Mine  
  181  9:21  Marine  
  181  9:23  Marine  
  181  9:24  Marauder  
  187  9:28  Medivac  
  171  9:45  Marauder  
  150  9:47  Marine x2, Widow Mine  
  150  9:48  Marine x3  
  150  9:49  Barracks Tech Lab x3  
  150  9:50  Cyclone, Widow Mine  
  150  9:51  Marine x2  
  150  9:52  Liberator  
  153  9:56  Command Center  
  153  9:57  Command Center, SCV, Refinery  
  153  9:58  Refinery  
  153  9:59  Marine  
  155  10:03  Viking  
  155  10:06  Marauder  
  160  10:08  Ghost, Widow Mine  
  160  10:09  Ghost x2  
  160  10:11  Widow Mine  
  160  10:13  Marine x2  
  172  10:18  Marine x4  
  176  10:22  Terran Vehicle And Ship Armor Level 2  
  176  10:23  Widow Mine  
  176  10:24  Marine  
  176  10:26  Missile Turret  
  176  10:27  Missile Turret  
  176  10:28  Marauder  
  181  10:30  Widow Mine  
  181  10:32  Widow Mine  
  181  10:33  Viking  
  187  10:38  Viking, Ghost, Marauder x2  
  187  10:42  Marine x3  
  162  10:44  Marine x2  
  162  10:45  Widow Mine  
  162  10:46  Marine x3  
  162  10:49  Marauder  
  160  10:51  Widow Mine  
  160  10:54  Widow Mine  
  164  10:59  Marauder x2  
  164  11:00  Marine x3  
  164  11:03  Medivac  
  173  11:04  Command Center  
  173  11:06  Ghost, Widow Mine  
  173  11:08  Medivac, Marine  
  173  11:11  SCV x3  
  166  11:12  Widow Mine, Marine  
  166  11:13  Orbital Command  
  165  11:19  Planetary Fortress  
  165  11:21  Widow Mine, Marine  
  165  11:23  SCV x3  
  171  11:30  Terran Infantry Weapons Level 3  
  171  11:31  Marine  
  172  11:35  SCV x3  
  172  11:38  Terran Infantry Armor Level 3  
  172  11:39  Marine x2  
  177  11:47  SCV  
  177  11:50  Command Center  
  178  11:55  Widow Mine x3  
  178  11:56  Ghost  
  178  12:00  Refinery  
  186  12:04  Marine x2  
  186  12:05  Missile Turret  
  186  12:07  Ghost  
  190  12:14  Marine, Medivac  
  190  12:15  Marine x2  
  177  12:16  Widow Mine, Marine x3  
  177  12:19  Widow Mine  
  177  12:21  Personal Cloaking, Ghost x2  
  189  12:23  Marine, Widow Mine  
  192  12:33  Command Center  
  192  12:37  Widow Mine  
  192  12:39  Terran Vehicle And Ship Armor Level 3  
  192  12:41  Marauder  
  192  12:42  Marauder  
  198  12:44  Marine x2  
  198  12:46  Starport  
  200  13:00  Command Center  
  198  13:13  Missile Turret  
  198  13:14  Refinery  
  198  13:15  Refinery  
  198  13:17  Fusion Core  
  197  13:39  Liberator  
  198  13:42  Widow Mine  
  198  13:43  Orbital Command  
  198  13:46  Liberator  
  178  13:52  Marauder  
  178  13:53  SCV  
  171  13:56  Planetary Fortress, SCV, Marauder  
  171  13:57  Marine  
  171  13:59  Marauder  
  171  14:02  SCV  
  175  14:03  Marine x2  
  175  14:05  Marauder, Marine x2, SCV  
  175  14:08  Orbital Command  
  175  14:09  Advanced Ballistics  
  181  14:11  Starport Reactor, SCV  
  181  14:13  Marauder  
  181  14:14  Missile Turret, Marine  
  181  14:16  Widow Mine  
  186  14:17  Orbital Command, Marauder  
  186  14:18  SCV  
  186  14:20  SCV x2  
  186  14:21  Liberator, SCV  
  186  14:23  Widow Mine  
  193  14:25  Ghost  
  193  14:26  Marauder, SCV  
  198  14:34  Neosteel Armor  
  198  14:35  Hi-Sec Auto Tracking  
  198  14:36  Widow Mine  
  198  14:41  Command Center  
  198  14:47  Starport  
  198  14:53  Marauder  
  198  14:59  Ghost  
  194  15:04  Ghost  
  194  15:06  Marauder  
  179  15:10  Liberator  
  179  15:11  Widow Mine, Marine  
  179  15:13  Marine x2  
  179  15:14  Ghost, Marine  
  164  15:16  Liberator x2  
  164  15:17  Marine  
  164  15:18  SCV  
  164  15:19  SCV  
  175  15:24  Liberator, SCV  
  175  15:25  Widow Mine, Marine x2  
  175  15:26  Marine  
  175  15:27  Liberator  
  175  15:28  Ghost  
  186  15:34  Command Center  
  186  15:46  Widow Mine x2  
  186  15:47  Ghost x2  
  194  15:51  Ghost  
  194  15:53  Liberator  
  199  15:57  Sensor Tower  
  199  16:05  Command Center  
  197  16:23  Liberator  
  192  16:25  Marauder  
  192  16:26  Marine  
  192  16:27  Marine  
  192  16:28  Ghost x2  
  192  16:32  Ghost  
  175  16:34  Marine x2  
  175  16:35  Marine  
  168  16:41  Liberator, Marine x2, Widow Mine  
  168  16:42  SCV  
  168  16:43  Command Center  
  168  16:46  Orbital Command, Liberator  
  181  16:47  Widow Mine  
  181  16:49  SCV  
  179  16:54  SCV  
  179  16:55  Sensor Tower  
  179  16:56  Missile Turret  
  179  16:58  Marine  
  179  16:59  Marauder, Marine  
  179  17:00  Terran Ship Weapons Level 1  
  184  17:06  Widow Mine  
  186  17:12  SCV  
  186  17:13  Liberator  
  194  17:15  Widow Mine x2  
  194  17:19  Liberator  
  194  17:20  Ghost  
  199  17:26  Marine  
  199  17:27  Refinery x2  
  200  17:41  Missile Turret  
  200  17:42  Orbital Command  
  200  17:43  Command Center  
  198  17:54  Marauder  
  198  17:56  Marine  
  182  17:59  Ghost  
  182  18:01  Ghost  
  182  18:03  SCV  
  182  18:04  SCV  
  159  18:06  Liberator x2, Widow Mine, SCV x2  
  159  18:07  SCV  
  159  18:08  Marauder  
  159  18:09  Marine  
  159  18:11  SCV  
  172  18:14  SCV x2  
  172  18:15  Liberator  
  172  18:16  Widow Mine, Marine x2  
  172  18:17  Marine  
  179  18:24  Refinery  
  179  18:28  SCV  
  179  18:30  Liberator  
  179  18:33  Ghost  
  179  18:34  Ghost  
  180  18:36  Viking  
  180  18:39  Orbital Command  
  186  18:49  Viking  
  186  18:56  Sensor Tower, SCV  
  186  18:57  SCV  
  186  18:59  SCV x2  
  186  19:01  SCV  
  191  19:08  Widow Mine  
  191  19:09  Marine  
  194  19:12  Marauder  
  194  19:15  Medivac  
  194  19:16  Widow Mine, Marine x4  
  187  19:17  Marauder, Marine x2  
  161  19:25  Ghost  
  161  19:27  Marine  
  161  19:28  Widow Mine  
  161  19:31  Marauder  
  137  19:33  Marine  
Tags
 
Add a new tag
Caveats
  • Supply blocks, unpowered buildings, or Contaminate may cause inaccurate times.
  • Supply counts are checked every 10 seconds.